[Event "Titled Tuesday Blitz November 08 Late 2022"]
[White "Chernomordik, Pavel"]
[Black "Aung Thant Zin"]
[WhiteFideId "2804530"]
[BlackFideId "13000063"]
[WhiteElo "2192"]
[BlackElo "2278"]
[Result "0-1"]
[Round "04"]
[TimeControl "180+1"]
[Date "2022.11.09"]
[WhiteClock "0:00:51"]
[BlackClock "0:00:19"]

1. e4 c5 2. Nc3 a6 3. f4 e6 4. g3 d5 5. Bg2 dxe4 6. Nxe4 Be7 7. Nf3 Nf6 8. Qe2 O-O 9. O-O Nc6 10. d3 b5 11. c3 Bb7 12. Be3 Nxe4 13. dxe4 Qc7 14. Qf2 Nb8 15. Qc2 Nd7 16. e5 h6 17. Rae1 Rfd8 18. Bf2 Nf8 19. f5 exf5 20. Qxf5 Bd5 21. b3 c4 22. b4 a5 23. a3 axb4 24. axb4 Ra3 25. Bd4 Be6 26. Qc2 Rda8 27. Qe4 R8a6 28. h4 Ra2 29. g4 Qd7 30. Bh3 Bd5 31. Qf4 Ng6 32. Qg3 Bxf3 33. Qxf3 Bxh4 34. g5 Qc7 35. e6 Qh2# 0-1


[Site "https://www.chess.com"]

[Event "Titled Tuesday Blitz November 08 Late 2022"]
[White "Coleman, Maxx"]
[Black "Da Matta, Eduardo Cesar"]
[WhiteFideId "2027119"]
[BlackFideId "2193108"]
[WhiteElo "2278"]
[BlackElo "1981"]
[Result "1-0"]
[Round "04"]
[TimeControl "180+1"]
[Date "2022.11.09"]
[WhiteClock "0:00:08"]
[BlackClock "0:00:01"]

1. b3 d5 2. Bb2 Bf5 3. e3 e6 4. Nf3 h6 5. d4 Nf6 6. Bd3 Bxd3 7. cxd3 Bb4+ 8. Nbd2 O-O 9. O-O Nbd7 10. a3 Bd6 11. e4 dxe4 12. dxe4 Bf4 13. g3 Bxd2 14. Nxd2 c5 15. Qe2 cxd4 16. Bxd4 Nb6 17. Be3 Rc8 18. Rac1 Qd7 19. Bxb6 axb6 20. Nc4 Qc6 21. Qe3 Qxe4 22. Qxb6 Rc6 23. Qb5 Rfc8 24. Rce1 Qc2 25. Qxb7 Ne4 26. Ne5 Nd2 27. Qxf7+ Kh7 28. Re2 Rc5 29. Rxd2 Qxd2 30. Qg6+ Kg8 31. Qxe6+ Kh7 32. Qg6+ Kg8 33. Qf7+ Kh7 34. Ng4 Qd6 35. Re1 Qg6 36. Qf3 Rc1 37. Rxc1 Rxc1+ 38. Kg2 h5 39. Ne5 Qf6 40. Qxh5+ Kg8 41. Qe8+ Kh7 42. Qh5+ Kg8 43. Qe2 Qe6 44. b4 Rc3 45. a4 Rb3 46. b5 Rb4 47. a5 Qd5+ 48. Nf3 Re4 49. Qb2 Rc4 50. b6 Rd4 51. Qxd4 1-0


[Site "https://www.chess.com"]

[Event "Titled Tuesday Blitz November 08 Late 2022"]
[White "Dahlgren, James Allen"]
[Black "Urbina Perez, Juan Antonio"]
[WhiteFideId "22256873"]
[BlackFideId "2217368"]
[WhiteElo "2191"]
[BlackElo "2197"]
[Result "0-1"]
[Round "04"]
[TimeControl "180+1"]
[Date "2022.11.09"]
[WhiteClock "0:01:30"]
[BlackClock "0:01:23"]

1. e4 c5 2. Nc3 Nc6 3. f4 g6 4. Nf3 Bg7 5. Bc4 e6 6. O-O Nge7 7. d3 O-O 8. g4 Na5 9. Bd2 Nxc4 10. dxc4 d5 11. cxd5 exd5 12. e5 Bxg4 13. Qe1 Bxf3 14. Rxf3 Nf5 15. Rd1 d4 16. Ne4 b6 17. Qf1 Qd5 18. Nf6+ Bxf6 19. exf6 Qe6 20. c3 Qxf6 21. Qc4 Rad8 22. Re1 Qh4 23. Kg2 Qg4+ 24. Kf2 Rfe8 25. Rxe8+ Rxe8 26. Qd5 Nh4 0-1


[Site "https://www.chess.com"]

[Event "Titled Tuesday Blitz November 08 Late 2022"]
[White "Derige Kane, Yan"]
[Black "Onslow, Alfie"]
[WhiteFideId "20665431"]
[BlackFideId "436976"]
[WhiteElo "2148"]
[BlackElo "2015"]
[Result "1-0"]
[Round "04"]
[TimeControl "180+1"]
[Date "2022.11.09"]
[WhiteClock "0:01:22"]
[BlackClock "0:00:09"]

1. f4 e5 2. fxe5 d6 3. Nf3 dxe5 4. e4 Nc6 5. Bc4 Bc5 6. c3 Nf6 7. b4 Bd6 8. d3 O-O 9. O-O Be6 10. Na3 Bxc4 11. Nxc4 h6 12. b5 Nb8 13. Nfxe5 a6 14. b6 cxb6 15. Nxd6 Qxd6 16. Nc4 Qc5+ 17. Be3 Qe7 18. Nxb6 Nbd7 19. Nxa8 Rxa8 20. Bd4 Rc8 21. a4 Ne5 22. Rf5 Nfd7 23. Rb1 g6 24. Rf1 b6 25. Kh1 Qd6 26. Qd2 Kh7 27. Rf4 f6 28. Rbf1 g5 29. Rf5 Kg6 30. Bxe5 fxe5 31. d4 b5 32. axb5 axb5 33. Qe3 b4 34. dxe5 Rxc3 35. Qxc3 1-0


[Site "https://www.chess.com"]

[Event "Titled Tuesday Blitz November 08 Late 2022"]
[White "Desideri, Ricardo Maruchi"]
[Black "Lopez Perdomo, Juan David"]
[WhiteFideId "2110440"]
[BlackFideId "4405137"]
[WhiteElo "1945"]
[BlackElo "1965"]
[Result "0-1"]
[Round "04"]
[TimeControl "180+1"]
[Date "2022.11.09"]
[WhiteClock "0:02:09"]
[BlackClock "0:02:07"]

1. e4 e6 2. d4 d5 3. e5 c5 4. c3 Nc6 5. Nf3 f6 6. exf6 Nxf6 7. Bg5 Bd6 8. Bd3 O-O 9. O-O e5 10. dxe5 Nxe5 11. Nxe5 Bxe5 12. Nd2 Qc7 13. Nf3 Bg4 14. h3 Bxf3 15. Qxf3 Ne4 16. Qh5 Rxf2 17. Rxf2 Bh2+ 18. Kh1 Nxf2# 0-1


[Site "https://www.chess.com"]

[Event "Titled Tuesday Blitz November 08 Late 2022"]
[White "Diaz Rosas, Julio Cesar"]
[Black "Kekic, Armin"]
[WhiteFideId "5105099"]
[BlackFideId "14401274"]
[WhiteElo "2246"]
[BlackElo "2132"]
[Result "1/2-1/2"]
[Round "04"]
[TimeControl "180+1"]
[Date "2022.11.09"]
[WhiteClock "0:00:02"]
[BlackClock "0:00:03"]

1. e4 e6 2. d4 d5 3. e5 c5 4. c3 Qb6 5. Nf3 Bd7 6. Bd3 Bb5 7. dxc5 Bxc5 8. b4 Bf8 9. Be3 Qa6 10. Bxb5+ Qxb5 11. a4 Qc4 12. Nbd2 Qc7 13. O-O Nc6 14. a5 a6 15. Re1 Nge7 16. Bb6 Qb8 17. Nb3 Ng6 18. Qe2 Be7 19. Nbd4 O-O 20. Nxc6 bxc6 21. Qe3 Rc8 22. Bc5 Bxc5 23. Qxc5 Qb5 24. Nd4 Qxc5 25. bxc5 Rab8 26. Rab1 Nxe5 27. Rb6 Nd3 28. Reb1 Ra8 29. Nxc6 Kf8 30. h4 Nxc5 31. Ne5 Rc7 32. h5 h6 33. Nf3 Na4 34. Rb7 Rac8 35. Ne5 Nxc3 36. R1b6 Ne4 37. Rxc7 Rxc7 38. Rxa6 Ke7 39. Ra8 Kd6 40. Nd3 Rc3 41. Nb4 Rb3 42. Nc2 Rb2 43. Ne3 Rb1+ 44. Kh2 Nxf2 45. a6 Ra1 46. a7 Ke5 47. Kg3 Ne4+ 48. Kh2 Nf6 49. Kg3 Nxh5+ 50. Kf3 Nf6 51. Nc2 Ra4 52. Ke3 g5 53. Kd3 h5 54. Kc3 Ne4+ 55. Kb3 Ra5 56. Nb4 Kf6 57. Nc6 Ra6 58. Nb4 Ra5 59. Nc6 Ra6 60. Rc8 Nc5+ 61. Kb4 Nd3+ 62. Kb5 Ra1 63. a8=Q Rxa8 64. Rxa8 e5 65. Ra6 e4 66. Nb4+ Ke5 67. Nc6+ Kf4 68. Ra7 f5 69. Re7 Ne1 70. Nd4 Nxg2 71. Ne6+ Kg4 72. Rg7 f4 73. Rxg5+ Kf3 74. Rxd5 e3 75. Nd4+ Kf2 76. Rxh5 e2 77. Nxe2 Kxe2 78. Kc4 f3 79. Re5+ Kd2 80. Rd5+ Ke1 81. Kd3 Nf4+ 82. Ke3 f2 83. Rd1+ Kxd1 84. Kxf2 1/2-1/2


[Site "https://www.chess.com"]

[Event "Titled Tuesday Blitz November 08 Late 2022"]
[White "Dilanyan, Grigor"]
[Black "Sarana, Alexey"]
[WhiteFideId "13303570"]
[BlackFideId "24133795"]
[WhiteElo "2229"]
[BlackElo "2708"]
[Result "0-1"]
[Round "04"]
[TimeControl "180+1"]
[Date "2022.11.08"]
[WhiteClock "0:00:05"]
[BlackClock "0:00:13"]

1. e4 c5 2. Nf3 d6 3. Bb5+ Bd7 4. Bxd7+ Nxd7 5. O-O e6 6. c3 Ngf6 7. Re1 Be7 8. d4 O-O 9. e5 Ne8 10. d5 Nxe5 11. Nxe5 dxe5 12. dxe6 Qxd1 13. exf7+ Kxf7 14. Rxd1 c4 15. Be3 Nd6 16. Nd2 b5 17. Nf3 Ke6 18. Bc5 Rfd8 19. Re1 Bf6 20. Rad1 a6 21. Nxe5 Bxe5 22. Bd4 Nf7 23. f4 Rd5 24. Re2 Rad8 25. Rde1 Kf5 26. fxe5 Ke6 27. g4 a5 28. Kg2 b4 29. h4 Rb8 30. Rf1 Rb7 31. Kg3 Nd8 32. Rf8 Nc6 33. Re8+ Kd7 34. Rg8 Ke6 35. Re8+ Re7 36. Rxe7+ Kxe7 37. Re4 Nxd4 38. Rxd4 Rxd4 39. cxd4 c3 0-1


[Site "https://www.chess.com"]

[Event "Titled Tuesday Blitz November 08 Late 2022"]
[White "Do Nascimento,Christian Almeida"]
[Black "Arnold, Ken"]
[WhiteFideId "2143801"]
[BlackFideId "2056836"]
[WhiteElo "2079"]
[BlackElo "2316"]
[Result "1-0"]
[Round "04"]
[TimeControl "180+1"]
[Date "2022.11.09"]
[WhiteClock "0:00:11"]
[BlackClock "0:00:16"]

1. e4 c6 2. d4 d5 3. exd5 cxd5 4. c4 Nf6 5. Nf3 Nc6 6. Nc3 e6 7. c5 Bd7 8. Bd3 Be7 9. O-O O-O 10. a3 b6 11. b4 bxc5 12. dxc5 a6 13. Bf4 d4 14. Ne2 Nd5 15. Bg3 Bf6 16. Rc1 Qc8 17. Nexd4 Nxd4 18. Nxd4 g6 19. Nf3 Bb5 20. Bd6 Rd8 21. Qe2 Nf4 22. Bxf4 Bxd3 23. Qe3 Bxf1 24. Rxf1 Qc6 25. Be5 Be7 26. Qh6 Bf8 27. Qf4 Bg7 28. Bxg7 Kxg7 29. Ne5 Qe8 30. Ng4 Qe7 31. Qh6+ Kg8 32. h4 Rd4 33. f3 Rad8 34. h5 Rd1 35. Rxd1 Rxd1+ 36. Kf2 Rd5 37. Qf4 Rf5 38. Qb8+ Qf8 39. Qb7 Rxh5 40. Nf6+ Kg7 41. Nxh5+ gxh5 42. c6 Qd8 43. Qd7 Qb6+ 44. Ke2 Qb5+ 45. Ke3 Qe5+ 46. Kd3 Qf5+ 47. Kc3 Qe5+ 48. Qd4 Qxd4+ 49. Kxd4 1-0


[Site "https://www.chess.com"]

[Event "Titled Tuesday Blitz November 08 Late 2022"]
[White "Dubov, Daniil"]
[Black "Kobo, Ori"]
[WhiteFideId "24126055"]
[BlackFideId "2812320"]
[WhiteElo "2791"]
[BlackElo "2447"]
[Result "1/2-1/2"]
[Round "04"]
[TimeControl "180+1"]
[Date "2022.11.08"]
[WhiteClock "0:00:36"]
[BlackClock "0:00:09"]

1. e4 g6 2. d4 Bg7 3. Nc3 d6 4. f4 Nf6 5. Nf3 O-O 6. Bd3 Nc6 7. e5 dxe5 8. fxe5 Nh5 9. Be3 Bg4 10. Be2 f6 11. h3 Bxf3 12. Bxf3 fxe5 13. d5 Nd4 14. O-O Ng3 15. Rf2 Ngf5 16. Bg5 Bf6 17. Ne4 Bxg5 18. Nxg5 Qd6 19. c3 Nxf3+ 20. Qxf3 Ng7 21. Qe3 Rxf2 22. Qxf2 Rf8 23. Qxa7 Qxd5 24. Re1 Qd2 25. Qe3 Qxb2 26. Qxe5 Qf2+ 27. Kh1 Nf5 28. Kh2 Nh4 29. Qd5+ Kh8 30. Qd4+ Qxd4 31. cxd4 Nf5 32. g4 Nxd4 33. Rxe7 Nf3+ 34. Nxf3 Rxf3 35. Rxc7 Rf2+ 36. Kg3 Rxa2 37. Rxb7 Ra5 38. Kf4 Kg8 39. Re7 Rc5 40. h4 Rb5 41. Re5 Rxe5 42. Kxe5 Kf7 43. Kd5 Kf6 44. Kd6 h6 45. Kd5 h5 46. g5+ Kf5 47. Kd6 Kg4 48. Ke5 Kxh4 49. Kf6 Kg3 50. Kxg6 h4 51. Kf6 h3 52. g6 h2 53. g7 h1=Q 54. g8=Q+ Kf2 55. Qa2+ Kg3 56. Qg8+ Kf2 57. Qa2+ Kg3 58. Qa3+ Qf3+ 59. Qxf3+ Kxf3 1/2-1/2


[Site "https://www.chess.com"]

[Event "Titled Tuesday Blitz November 08 Late 2022"]
[White "Dzierzak, Radoslaw"]
[Black "Putnam, Liam"]
[WhiteFideId "1161407"]
[BlackFideId "30938279"]
[WhiteElo "2111"]
[BlackElo "2082"]
[Result "0-1"]
[Round "04"]
[TimeControl "180+1"]
[Date "2022.11.09"]
[WhiteClock "0:00:01"]
[BlackClock "0:00:26"]

1. e4 g6 2. d4 Bg7 3. Nf3 d6 4. Be2 Nf6 5. Nc3 O-O 6. O-O c6 7. h3 b5 8. e5 Nfd7 9. Bf4 dxe5 10. dxe5 Nc5 11. Qxd8 Rxd8 12. Rad1 Re8 13. b4 Ne6 14. Bg3 a5 15. a3 axb4 16. axb4 Ra3 17. Ne4 Ra2 18. Bd3 Na6 19. c3 Nec7 20. Bb1 Ra3 21. Nd4 Bb7 22. f4 Nd5 23. Rd3 f5 24. exf6 Bxf6 25. Re1 Rd8 26. Nxf6+ exf6 27. Ne2 Re8 28. Kf2 Bc8 29. Red1 Bf5 30. Rxd5 cxd5 31. Bxf5 gxf5 32. Rxd5 Ra2 33. Kf3 Raxe2 0-1


[Site "https://www.chess.com"]

[Event "Titled Tuesday Blitz November 08 Late 2022"]
[White "Estrada Nieto, Julian"]
[Black "Gritsenko, Nikolai"]
[WhiteFideId "5101018"]
[BlackFideId "14112493"]
[WhiteElo "2221"]
[BlackElo "2389"]
[Result "1/2-1/2"]
[Round "04"]
[TimeControl "180+1"]
[Date "2022.11.09"]
[WhiteClock "0:00:32"]
[BlackClock "0:00:31"]

1. e4 d6 2. d4 Nf6 3. Nc3 g6 4. Nf3 Bg7 5. Be2 O-O 6. O-O e6 7. Re1 b6 8. h3 Bb7 9. Bf1 h6 10. a4 a6 11. Bf4 Nbd7 12. e5 dxe5 13. Nxe5 Nd5 14. Nxd5 Bxd5 15. Bd3 Nxe5 16. Bxe5 Qg5 17. Be4 Bxe5 18. Bxd5 Bh2+ 19. Kxh2 Qxd5 20. Qd2 Rad8 21. Rad1 Kg7 22. Qf4 Qd6 23. Qe5+ Qxe5+ 24. dxe5 Rfe8 25. Kg3 Kf8 26. Kf3 Ke7 27. Ke4 Rxd1 28. Rxd1 g5 29. Rd3 Rg8 30. b4 Rg6 31. a5 bxa5 32. bxa5 Rg8 33. Rb3 Kd7 34. Rb7 Ra8 35. g4 Kc6 36. Rb3 Rd8 37. Rf3 Rd5 38. Rxf7 Rxa5 39. Rf6 Ra4+ 40. Ke3 Kd5 41. Rxh6 Re4+ 42. Kd3 Rxe5 43. Rh7 Kd6 44. Rh8 Rd5+ 45. Ke3 Re5+ 46. Kd3 Rd5+ 47. Kc3 Rc5+ 48. Kd3 Rd5+ 1/2-1/2


[Site "https://www.chess.com"]

[Event "Titled Tuesday Blitz November 08 Late 2022"]
[White "Ezat, Mohamed"]
[Black "Yanayt, Eugene"]
[WhiteFideId "10600906"]
[BlackFideId "2020165"]
[WhiteElo "2386"]
[BlackElo "2046"]
[Result "1-0"]
[Round "04"]
[TimeControl "180+1"]
[Date "2022.11.09"]
[WhiteClock "0:00:32"]
[BlackClock "0:00:02"]

1. d4 Nf6 2. c4 g6 3. Nc3 Bg7 4. e4 d6 5. Be2 O-O 6. Bg5 Na6 7. Qd2 e5 8. d5 Nc5 9. f3 Qd7 10. b4 Na6 11. a3 Nh5 12. g3 f5 13. exf5 gxf5 14. f4 Nf6 15. fxe5 dxe5 16. c5 b6 17. Bc4 Kh8 18. c6 Qf7 19. Nf3 Re8 20. O-O Qh5 21. Rae1 e4 22. Nd4 Ng4 23. Bh4 Ne5 24. Be2 Qg6 25. Rf4 Nd3 26. Bxd3 Bxd4+ 27. Kh1 Be5 28. Bc4 Qg7 29. Nb5 Nb8 30. d6 Nxc6 31. Nxc7 Bb7 32. Rxf5 Bc3 33. Nxe8 Rxe8 34. Qxc3 Qxc3 35. Bf6+ Qxf6 36. Rxf6 Ne5 37. Be2 Rd8 38. Kg1 Nf3+ 39. Bxf3 exf3 40. Rf7 Bd5 41. Rc7 Rf8 42. Kf2 Rd8 43. d7 Bf7 44. Rc8 1-0


[Site "https://www.chess.com"]

[Event "Titled Tuesday Blitz November 08 Late 2022"]
[White "Fernandez Hernandez, Gerardo"]
[Black "czernikowskqa"]
[WhiteFideId "2207400"]
[WhiteElo "2227"]
[BlackElo "1951"]
[Result "0-1"]
[Round "04"]
[TimeControl "180+1"]
[Date "2022.11.09"]
[WhiteClock "0:00:10"]
[BlackClock "0:00:13"]

1. e4 e6 2. d3 d5 3. Nd2 dxe4 4. dxe4 b6 5. Ngf3 Bb7 6. c3 Nd7 7. Qc2 Be7 8. Be2 Ngf6 9. O-O O-O 10. Re1 e5 11. a4 a5 12. Bb5 Bd6 13. Nc4 Qe7 14. b3 c6 15. Nxd6 Qxd6 16. Ba3 c5 17. Rad1 Qe7 18. Nd2 Rfd8 19. Nc4 Ba6 20. Bxa6 Rxa6 21. Rd6 Ne8 22. Rd3 Raa8 23. Red1 Qe6 24. Bc1 Kf8 25. Bg5 f6 26. Bc1 Ke7 27. Ne3 Nf8 28. Nd5+ Kf7 29. Be3 Ng6 30. Qd2 Ne7 31. Nxe7 Rxd3 32. Qxd3 Kxe7 33. Qb5 Nc7 34. Bxc5+ bxc5 35. Qxc5+ Kf7 36. Qxc7+ Kg6 37. Qb6 Qxb6 0-1


[Site "https://www.chess.com"]

[Event "Titled Tuesday Blitz November 08 Late 2022"]
[White "Firouzja, Alireza"]
[Black "Mendonca, Mateus Nakajo"]
[WhiteFideId "12573981"]
[BlackFideId "2110954"]
[WhiteElo "2903"]
[BlackElo "2310"]
[Result "1/2-1/2"]
[Round "04"]
[TimeControl "180+1"]
[Date "2022.11.08"]
[WhiteClock "0:00:04"]
[BlackClock "0:00:07"]

1. d4 d5 2. Bg5 Nf6 3. e3 Bf5 4. c4 c6 5. Nc3 e6 6. a3 Nbd7 7. Nf3 Bd6 8. Be2 O-O 9. Nh4 Be4 10. cxd5 cxd5 11. O-O h6 12. Bxf6 Qxf6 13. g3 Bh7 14. Bd3 Bxd3 15. Qxd3 Rfc8 16. Kg2 a6 17. Nf3 Rc6 18. Rfe1 Rac8 19. e4 dxe4 20. Rxe4 Qf5 21. Nh4 Qh5 22. Rae1 Nf6 23. Re5 Bxe5 24. Rxe5 g5 25. h3 Nd7 26. Ne4 Rc1 27. Nf3 Rh1 28. Nexg5 Nxe5 29. Qh7+ Kf8 30. dxe5 Rcc1 31. g4 Qg6 32. Qxg6 fxg6 33. Nxe6+ Kf7 34. Nd8+ Ke8 35. Nxb7 Rhd1 36. b4 Rc3 37. a4 Rdd3 38. Nh4 Rc4 39. Nxg6 Rxb4 40. Nc5 Rd2 41. Nxa6 Rbb2 42. Nc5 Rxf2+ 43. Kg3 Rfc2 44. Ne4 Rb4 45. Nd6+ Kd7 46. Nf5 Rc3+ 47. Kh4 Rxa4 48. Nxh6 Raa3 49. Nf4 Rf3 50. e6+ Ke7 51. Nf5+ Kf6 52. e7 Ra8 53. Nd5+ Kf7 54. Kg5 Rg8+ 55. Kh4 Rh8+ 56. Kg5 Rg8+ 57. Kh4 Rh8+ 58. Kg5 Rg8+ 1/2-1/2


[Site "https://www.chess.com"]

[Event "Titled Tuesday Blitz November 08 Late 2022"]
[White "Forgacs, Attila Jr."]
[Black "Kuzmicz, Krystian"]
[WhiteFideId "773654"]
[BlackFideId "1119125"]
[WhiteElo "2168"]
[BlackElo "2380"]
[Result "0-1"]
[Round "04"]
[TimeControl "180+1"]
[Date "2022.11.09"]
[WhiteClock "0:00:22"]
[BlackClock "0:02:12"]

1. e4 c5 2. Nf3 e6 3. d4 cxd4 4. Nxd4 Nf6 5. Nc3 Nc6 6. Nxc6 bxc6 7. e5 Nd5 8. Ne4 Qa5+ 9. Bd2 Nb4 10. f4 Qd5 11. Nc3 Qd4 12. a3 Bc5 13. Qf3 Nxc2+ 14. Kd1 Nxa1 15. Bd3 Nb3 16. Ne2 Qxb2 17. Bc2 Nxd2 18. Kxd2 Qxa3 19. Qg4 Bb4+ 20. Kd1 Qe3 0-1


[Site "https://www.chess.com"]

[Event "Titled Tuesday Blitz November 08 Late 2022"]
[White "Ghazarian, Kirk"]
[Black "Oglaza, Oskar"]
[WhiteFideId "30908604"]
[BlackFideId "1194402"]
[WhiteElo "2346"]
[BlackElo "2204"]
[Result "1-0"]
[Round "04"]
[TimeControl "180+1"]
[Date "2022.11.09"]
[WhiteClock "0:00:22"]
[BlackClock "0:00:06"]

1. d4 Nf6 2. Nf3 g6 3. Bf4 Bg7 4. e3 O-O 5. Nbd2 d6 6. h3 Re8 7. Be2 Nc6 8. O-O e5 9. dxe5 dxe5 10. Bh2 Bf5 11. Nb3 Qe7 12. Qc1 a6 13. c3 Rad8 14. Rd1 h6 15. Rxd8 Rxd8 16. Qe1 Bd3 17. Rd1 Bxe2 18. Qxe2 Rxd1+ 19. Qxd1 Qd6 20. Qe2 Nd7 21. e4 Nc5 22. Nxc5 Qxc5 23. Nd2 Kf8 24. Nc4 Ke7 25. Qd3 Nd8 26. Ne3 c6 27. a4 b5 28. a5 Ne6 29. Bg3 h5 30. Bh4+ Bf6 31. Bxf6+ Kxf6 32. Qd7 Qe7 33. Qxc6 Kg5 34. Qxa6 Nf4 35. Qxb5 Qd6 36. Nd5 Ne6 37. a6 f5 38. a7 Nc7 39. Nxc7 Qd1+ 40. Qf1 1-0


[Site "https://www.chess.com"]

[Event "Titled Tuesday Blitz November 08 Late 2022"]
[White "Goltsev, Dmitry"]
[Black "Manelyuk, Daniil"]
[WhiteFideId "24176710"]
[BlackFideId "44173920"]
[WhiteElo "2289"]
[BlackElo "2209"]
[Result "1-0"]
[Round "04"]
[TimeControl "180+1"]
[Date "2022.11.09"]
[WhiteClock "0:00:05"]
[BlackClock "0:00:03"]

1. e4 e6 2. d4 d5 3. exd5 exd5 4. Nf3 c6 5. Bd3 Bd6 6. O-O Ne7 7. c4 Nd7 8. Re1 O-O 9. Nc3 dxc4 10. Bxc4 Nb6 11. Bb3 Bg4 12. Bg5 Qc7 13. Rc1 Qd7 14. Ne4 Nf5 15. h3 Bxf3 16. Qxf3 Nxd4 17. Qh5 Bb4 18. Red1 Rae8 19. Bc2 f5 20. Ng3 g6 21. Qh4 f4 22. Bxf4 Be7 23. Bg5 Bxg5 24. Qxg5 Qf7 25. Rd2 Nxc2 26. Rcxc2 Qxa2 27. Kh2 Qf7 28. Qa5 Qc7 29. Re2 Rd8 30. Qg5 Rd5 31. Qh6 Rd7 32. Kh1 Rdf7 33. Ne4 Nd5 34. Red2 Re7 35. f3 Rxe4 36. Rc1 Re7 37. Rxd5 Ref7 38. Rd2 Re8 39. Rcd1 Rfe7 40. Qh4 Qe5 41. Qc4+ Qe6 42. Qc5 Qf6 43. Rd8 b6 44. Qc4+ Qf7 45. Qc3 Rxd8 46. Rxd8+ Re8 47. Rd6 c5 48. Qd2 Qe7 49. Kh2 Qe1 50. Qd5+ Kf8 51. Rf6+ Kg7 52. Rf7+ Kh8 53. f4 Qe6 54. Qb7 Kg8 55. Rxh7 Qf6 56. Qc7 Rf8 57. Kg3 Re8 58. Rd7 Re3+ 59. Kh2 Re8 60. Rd5 a5 61. Kg3 Re3+ 62. Kh2 Re8 63. Qd6 Qxb2 64. Qxg6+ Kf8 65. Rf5+ Ke7 66. Rf7+ Kd8 67. Qd6+ Kc8 68. Qc7# 1-0


[Site "https://www.chess.com"]

[Event "Titled Tuesday Blitz November 08 Late 2022"]
[White "Golubev, Mikhail"]
[Black "Fernandez Guillen, Ernesto J."]
[WhiteFideId "14100983"]
[BlackFideId "3512428"]
[WhiteElo "2374"]
[BlackElo "2450"]
[Result "0-1"]
[Round "04"]
[TimeControl "180+1"]
[Date "2022.11.09"]
[WhiteClock "0:00:01"]
[BlackClock "0:00:20"]

1. e4 e5 2. d4 exd4 3. Qxd4 Nc6 4. Qd3 Nf6 5. Nc3 Bb4 6. Bd2 O-O 7. O-O-O Re8 8. Nge2 d6 9. h3 Ne5 10. Qg3 Nc4 11. Bg5 c6 12. Nf4 Bxc3 13. Qxc3 Ne5 14. Qa3 c5 15. Nd5 Ned7 16. Qg3 Nxe4 17. Bxd8 Nxg3 18. fxg3 Rxd8 19. Ne7+ Kf8 20. Nxc8 Raxc8 21. Rxd6 Ne5 22. Rxd8+ Rxd8 23. Be2 f6 24. Re1 b6 25. Rd1 Rxd1+ 26. Kxd1 Ke7 27. Kd2 g6 28. Ke3 f5 29. c3 Kf6 30. a3 h6 31. b4 g5 0-1


[Site "https://www.chess.com"]

[Event "Titled Tuesday Blitz November 08 Late 2022"]
[White "Gonzalez, Francisco Silva"]
[Black "Bilan, Danila"]
[WhiteFideId "1512285"]
[BlackFideId "24161918"]
[WhiteElo "2159"]
[BlackElo "2173"]
[Result "1/2-1/2"]
[Round "04"]
[TimeControl "180+1"]
[Date "2022.11.09"]
[WhiteClock "0:00:13"]
[BlackClock "0:00:07"]

1. d4 d5 2. c4 c6 3. Nc3 Nf6 4. e3 e6 5. Nf3 Nbd7 6. Bd3 Bd6 7. O-O O-O 8. e4 dxc4 9. Bxc4 e5 10. Bg5 Qc7 11. h3 exd4 12. Nxd4 Ne5 13. Bb3 Ng6 14. Bxf6 gxf6 15. Qh5 Be5 16. Rad1 Kh8 17. Nf3 Rg8 18. Kh1 Be6 19. Nxe5 fxe5 20. Ne2 Qe7 21. Bxe6 fxe6 22. Ng3 Rad8 23. a3 Qf6 24. Qh6 Rxd1 25. Rxd1 Qxf2 26. Nh5 Qf7 27. Qg5 Rf8 28. Rd8 Kg8 29. Nf6+ Kg7 30. Nh5+ Kh8 31. a4 Kg8 32. a5 b6 33. a6 c5 34. Rd6 Qf1+ 35. Kh2 Qf7 36. b3 Kh8 37. Rd8 Rxd8 38. Qxd8+ Nf8 39. Qg5 Qg6 40. Qxe5+ Kg8 41. Nf6+ Kf7 42. Ng4 Kg8 43. Nf6+ Kf7 44. Ng4 Kg8 45. Qf4 h5 46. Nf6+ Kg7 47. e5 Nh7 48. Ne4 Nf8 49. Nd6 Nd7 50. h4 Nf8 51. Nb7 Nd7 52. Nd6 Qg4 53. Qf7+ Kh6 54. Qxd7 Qxh4+ 55. Kg1 Qe1+ 56. Kh2 Qh4+ 57. Kg1 Qe1+ 58. Kh2 Qh4+ 1/2-1/2


[Site "https://www.chess.com"]

[Event "Titled Tuesday Blitz November 08 Late 2022"]
[White "Goryachkina, Aleksandra"]
[Black "Hryzlova, Sofiia"]
[WhiteFideId "4147103"]
[BlackFideId "14174669"]
[WhiteElo "2484"]
[BlackElo "1992"]
[Result "0-1"]
[Round "04"]
[TimeControl "180+1"]
[Date "2022.11.09"]
[WhiteClock "0:00:14"]
[BlackClock "0:00:53"]

1. e4 e5 2. Nf3 Nc6 3. d4 exd4 4. Nxd4 Bc5 5. Be3 Qf6 6. c3 Nge7 7. Bb5 Bb6 8. O-O O-O 9. a4 Nxd4 10. cxd4 c6 11. Be2 d5 12. e5 Qe6 13. a5 Bc7 14. Nd2 Nf5 15. Ra3 f6 16. exf6 Qxf6 17. Nf3 a6 18. Bg5 Qg6 19. Bc1 Qd6 20. g3 Qf6 21. b4 Nd6 22. Ne5 Bh3 23. Ng4 Qf5 24. Rf3 Qe4 25. Rxf8+ Rxf8 26. Re1 Qg2# 0-1


[Site "https://www.chess.com"]

[Event "Titled Tuesday Blitz November 08 Late 2022"]
[White "Gubajdullin, Alexei"]
[Black "Aguilar, Juan"]
[WhiteFideId "4141202"]
[BlackFideId "3800091"]
[WhiteElo "2230"]
[BlackElo "2412"]
[Result "0-1"]
[Round "04"]
[TimeControl "180+1"]
[Date "2022.11.09"]
[WhiteClock "0:00:12"]
[BlackClock "0:00:10"]

1. d4 g6 2. Nf3 Bg7 3. Bf4 d6 4. e3 c5 5. Be2 Nc6 6. O-O cxd4 7. exd4 Bg4 8. c3 Qb6 9. Na3 Nf6 10. Nc4 Qd8 11. d5 Nb8 12. Qb3 Nbd7 13. Qxb7 Nc5 14. Qc6+ Bd7 15. Nxd6+ exd6 16. Qxd6 Nfe4 17. Qc6 Bxc6 18. dxc6 O-O 19. c7 Qe7 20. Rfe1 Rac8 21. Bc4 Rxc7 22. b4 Bxc3 23. Bxc7 Qxc7 24. bxc5 Bxa1 25. Rxe4 Qxc5 26. h4 Kg7 27. Bb3 Bf6 28. g4 Qc1+ 29. Kg2 Qc6 30. Rc4 Qb7 31. g5 Bd8 32. Ba4 f6 33. Rd4 Bc7 34. Rd7+ Kh8 35. Bb3 fxg5 36. Bd5 Qb5 37. Be4 Qxd7 38. Nxg5 Qg4+ 39. Kf1 Qxh4 40. Ne6 Qxe4 41. Nxf8 Qb1+ 42. Kg2 Qxa2 43. Nd7 Qd5+ 44. Kf1 Qxd7 45. f4 a5 46. f5 a4 47. f6 a3 48. f7 Qxf7+ 49. Ke2 Qd7 50. Ke3 a2 51. Ke4 a1=Q 52. Kf3 Qf5+ 53. Ke3 Qc1+ 54. Kd4 Qcc5# 0-1


[Site "https://www.chess.com"]

[Event "Titled Tuesday Blitz November 08 Late 2022"]
[White "Guha, Eshan"]
[Black "Maze, Sebastien"]
[WhiteFideId "30958628"]
[BlackFideId "613762"]
[WhiteElo "2331"]
[BlackElo "2430"]
[Result "1-0"]
[Round "04"]
[TimeControl "180+1"]
[Date "2022.11.09"]
[WhiteClock "0:00:35"]
[BlackClock "0:00:03"]

1. d4 Nf6 2. c4 g6 3. g3 Bg7 4. Bg2 O-O 5. Nc3 d6 6. Nf3 Nc6 7. O-O e5 8. dxe5 Nxe5 9. Nxe5 dxe5 10. Bg5 Qxd1 11. Rfxd1 c6 12. Rd6 Be6 13. Rad1 h6 14. Bxf6 Bxf6 15. Ne4 Be7 16. R6d2 Bxc4 17. Rd7 Rfd8 18. Nc3 Kf8 19. Rxb7 Rxd1+ 20. Nxd1 Bxe2 21. Nc3 Bc4 22. Bxc6 Rd8 23. b3 Be6 24. Rxa7 Bc5 25. Ra8 Rxa8 26. Bxa8 Ke7 27. Bd5 Bd7 28. Bc4 f5 29. Nd5+ Kd6 30. Nf6 Bc6 31. Ng8 h5 32. Bf7 g5 33. Bxh5 Bd5 34. Nh6 f4 35. Nf7+ Bxf7 36. Bxf7 e4 37. gxf4 gxf4 38. Bg6 Ke5 39. h4 f3 40. h5 e3 41. fxe3 Bxe3+ 42. Kf1 Kd4 43. a4 Kc3 44. Bf7 Kb4 45. Bd5 Kc3 46. Bxf3 Kxb3 47. Ke2 Bb6 48. Bc6 Bd4 49. Kd3 Bg7 50. Ke4 Kb4 51. Kf5 Ka5 52. Kg6 Bc3 53. h6 Bd2 54. h7 Bc3 55. Kf7 Kb6 56. Bb5 1-0


[Site "https://www.chess.com"]